 Dungeon Crawl Stone Soup version 0.27.0-1-g7a089689b8 (webtiles) character file.

Game seed: 6022892895265736169

1319 eccles the Magician (level 8, -4/50 HPs)
             Began as an Octopode Conjurer on Aug 3, 2021.
             Was a Follower of Sif Muna.
             Slain by a wyvern zombie (9 damage)
             ... on level 6 of the Dungeon on Aug 4, 2021.
             The game lasted 00:39:40 (6625 turns).

eccles the Magician (Octopode Conjurer)             Turns: 6625, Time: 00:39:41

Health: -4/50      AC:  1    Str:  6    XL:     8   Next: 59%
Magic:  16/17      EV: 14    Int: 22    God:    Sif Muna [*.....]
Gold:   104        SH:  4    Dex: 17    Spells: 5/19 levels left

rFire    . . .     SeeInvis .   m - +2 short sword (drain)
rCold    . . .     Faith    .   i - +0 buckler
rNeg     . . .     Spirit   .   (helmet restricted)
rPois    .         Reflect  .   (no amulet)
rElec    .         Harm     .   c - +6 ring of dexterity
rCorr    .         Rampage  .   (no ring)
Will     .....                  (no ring)
Stlth    ++++......             (no ring)
HPRegen  0.16/turn              (no ring)
MPRegen  0.15/turn              (no ring)
                                (no ring)
                                (no ring)

@: no status effects
A: almost no armour, amphibious, 8 rings, camouflage 1, gelatinous body 1,
(nimble swimmer 1), tentacles
a: Renounce Religion, Channel Magic


You were on level 6 of the Dungeon.
You worshipped Sif Muna.
Sif Muna was aware of your devotion.
You visited 1 branch of the dungeon, and saw 6 of its levels.

You collected 247 gold pieces.
You spent 143 gold pieces at shops.

Inventory:

Hand Weapons
 a - a +0 dagger
 l - a +1 long sword
 m - a +2 short sword of draining (weapon)
 q - a +2 vorpal flail
 s - a +3 short sword
Missiles
 d - 126 stones
 e - 3 curare-tipped darts (quivered)
 h - 48 arrows
 k - 42 bolts
 n - 42 sling bullets
Armour
 i - a +0 buckler (worn)
Jewellery
 c - a +6 ring of dexterity (left tentacle)
 o - an amulet of guardian spirit
Wands
 g - a wand of flame (24)
 p - a wand of mindburst (8)
Scrolls
 f - 4 scrolls of identify
 t - a scroll of enchant armour {unknown}
 u - a scroll of teleportation {unknown}
 x - a scroll of amnesia {unknown}
 y - a scroll of magic mapping {unknown}
Potions
 b - a potion of resistance
 j - 2 potions of brilliance
 r - a potion of attraction {unknown}
 v - a potion of invisibility {unknown}
 w - 2 potions of might {unknown}
 z - a potion of degeneration {unknown}


   Skills:
 + Level 2.3 Fighting
 + Level 2.4(2.5) Short Blades
 + Level 1.0(1.9) Long Blades
 + Level 0.7 Throwing
 + Level 3.7 Dodging
 + Level 4.2 Stealth
 + Level 1.7 Shields
 + Level 0.1 Unarmed Combat
 * Level 6.3 Spellcasting
 + Level 6.1 Conjurations


You had 5 spell levels left.
You knew the following spells:

 Your Spells              Type           Power      Damage    Failure   Level
a - Magic Dart            Conj           100%       1d8       1%          1
b - Searing Ray           Conj           66%        3d5       1%          2
c - Dazzling Flash        Conj/Hex       40%        N/A       10%         3
d - Fulminant Prism       Conj/Hex       10%        3d9       32%         4
e - Foxfire               Conj/Fire      80%        2x1d8     3%          1
f - Conjure Flame         Conj/Fire      20%        6-21      10%         3

Your spell library contained the following spells:

 Spells                   Type           Power      Damage    Failure   Level
 Iskenderun's Mystic Bla  Conj/Tloc      20%        2d6       32%         4
 Inner Flame              Hex/Fire       6%         N/A       34%         3


Dungeon Overview and Level Annotations

Branches:
Dungeon (6/15)             Temple (0/1) D:5

Altars:
Gozag
Sif Muna

Shops:
D:1 [   D:4 =!

Annotations:
D:4 Dowan, Grinder


Innate Abilities, Weirdness & Mutations

You cannot wear most types of armour.
You are amphibious.
You can wear up to eight rings at the same time.
Your skin changes colour to match your surroundings (Stealth+).
Your rubbery body absorbs attacks. (AC +1, EV +1)
((You are camouflaged near water. (Stealth+)))
You have tentacles for arms and can constrict up to eight enemies at once.


Message History

w - 2 silvery potions (gained 1)
A wyvern zombie comes into view.
The wyvern zombie moves out of view.
An iguana comes into view.
Found a dagger.
Casting: Magic Dart (safe; 1% risk of failure)
Confirm with . or Enter, or press ? or * to list all spells.
Aiming: Magic Dart (safe; 1% risk of failure)
Press: ? - help, Shift-Dir - straight line, f - wyvern zombie
Aim: a wyvern zombie (wandering, hasn't noticed you, 100% to hit)
The magic dart hits the wyvern zombie.
The wyvern zombie is lightly damaged.
You hit the wyvern zombie. You squeeze the wyvern zombie.
The wyvern zombie is moderately damaged.
The wyvern zombie barely misses you. The wyvern zombie bites you!
You hit the wyvern zombie. You squeeze the wyvern zombie.
The wyvern zombie is heavily damaged.
The wyvern zombie bites you.
You hit the wyvern zombie but do no damage.
You squeeze the wyvern zombie, but do no damage.
The wyvern zombie is heavily damaged.
The wyvern zombie bites you!
You hit the wyvern zombie but do no damage.
The wyvern zombie is heavily damaged.
The wyvern zombie bites you!
You barely miss the wyvern zombie.
The wyvern zombie is heavily damaged.
The wyvern zombie bites you but does no damage.
The wyvern zombie barely misses you.
Casting: Magic Dart (safe; 1% risk of failure)
Confirm with . or Enter, or press ? or * to list all spells.
Aiming: Magic Dart (safe; 1% risk of failure)
Press: ? - help, Shift-Dir - straight line, f/p - wyvern zombie
Aim: a wyvern zombie (heavily damaged, 100% to hit)
The magic dart hits the wyvern zombie but does no damage.
The wyvern zombie is heavily damaged.
The wyvern zombie bites you!
* * * LOW HITPOINT WARNING * * *
The wyvern zombie bites you!
You die...

## # #..#... ...###
.. .#...) # ....# ...
. #..#.# #. #.#.# ...
#.#
.#..#####.##.#.##..
#l..#...##...........
#..#..#.##.##.#.##.#
#.#..#..##.##......#
#.......Z@.##.....##
####....##.####.#.#
#######.####.#.#
#......#)# ########.#
#.# ###.#
#...########
#.##........


You could see a wyvern zombie.

Vanquished Creatures
  Edmund (D:4)
  Menkaure (D:6)
  A black bear (D:6)
  An ice beast (D:5)
  A necrophage (D:4)
  2 scorpions
  A wyvern skeleton (D:3)
  3 wights
  A jelly (D:6)
  An orc priest (D:5)
  A centaur skeleton (D:6)
  4 hounds
  A gnoll shaman (D:5)
  An iguana (D:6)
  An orc wizard (D:5)
  7 gnolls
  3 adders
  A shadow imp (D:5)
  A worm (D:3)
  6 dart slugs
  9 orcs
  5 endoplasms
  2 giant cockroaches
  6 goblins
  9 hobgoblins
  5 jackals
  3 kobolds
  2 quokkas
  9 ball pythons
  8 bats
  4 frilled lizards
  12 rats
113 creatures vanquished.

Notes
Turn   | Place    | Note
-------+----------+-------------------------------------------
     0 | D:1      | eccles the Octopode Conjurer began the quest for the Orb.
     0 | D:1      | Reached XP level 1. HP: 11/11 MP: 3/3
   282 | D:1      | Reached XP level 2. HP: 16/17 MP: 1/5
   423 | D:1      | Found Zisegalu's Armour Shop.
   603 | D:1      | Reached XP level 3. HP: 22/22 MP: 0/6
   609 | D:1      | Learned a level 2 spell: Searing Ray
   613 | D:1      | Learned a level 3 spell: Dazzling Flash
  1197 | D:2      | Found a faded altar of an unknown god.
  1458 | D:2      | Reached XP level 4. HP: 27/27 MP: 5/7
  1908 | D:3      | Reached skill level 1 in Fighting
  1908 | D:3      | Reached skill level 5 in Conjurations
  1908 | D:3      | Reached XP level 5. HP: 20/33 MP: 3/9
  2003 | D:3      | Found a shimmering blue altar of Sif Muna.
  2011 | D:3      | Became a worshipper of Sif Muna the Loreminder
  2237 | D:3      | You fall into a shaft and drop 1 floor!
  2265 | D:4      | Noticed Edmund
  2682 | D:4      | Killed Edmund
  2683 | D:4      | Reached XP level 6. HP: 29/38 MP: 4/11
  2739 | D:4      | Found Vocih's Jewellery Shoppe.
  2754 | D:4      | Reached skill level 1 in Long Blades
  2830 | D:4      | Noticed Grinder
  2833 | D:4      | HP: 1/38 [Grinder/nerve-wracking pain (14)]
  2838 | D:4      | Paralysed by Grinder for 3 turns
  2839 | D:4      | HP: 1/38 [Grinder/nerve-wracking pain (1)]
  3322 | D:4      | Found Byokkak's Distillery.
  3325 | D:4      | Bought a potion of curing for 39 gold pieces
  3325 | D:4      | Bought a potion of heal wounds for 65 gold pieces
  3325 | D:4      | Bought a potion of curing for 39 gold pieces
  3366 | D:4      | Noticed Dowan
  3405 | D:5      | Entered Level 5 of the Dungeon
  3427 | D:5      | Learned a level 4 spell: Fulminant Prism
  3502 | D:5      | Noticed a necrophage
  3527 | D:4      | Killed a necrophage
  3528 | D:4      | Reached XP level 7. HP: 31/43 MP: 4/13
  3660 | D:5      | Reached skill level 1 in Short Blades
  3662 | D:5      | Reached * piety under Sif Muna
  3702 | D:5      | Reached skill level 5 in Spellcasting
  4120 | D:5      | Learned a level 1 spell: Foxfire
  4124 | D:5      | Learned a level 3 spell: Conjure Flame
  4163 | D:5      | Found a staircase to the Ecumenical Temple.
  4246 | D:6      | Reached skill level 1 in Shields
  4251 | D:6      | Found an opulent altar of Gozag.
  4568 | D:6      | Reached XP level 8. HP: 25/49 MP: 12/16
  4593 | D:5      | HP: 2/46 [wight (1)]
  6408 | D:6      | Noticed Menkaure
  6428 | D:6      | Killed Menkaure
  6625 | D:6      | Slain by a wyvern zombie

Illustrated notes

Levels and vault maps discovered:
D:1:      sevenhm_arrival_forest_fort_large_1, layout_basic, serial_glass,
          glass_columns_a, glass_columns_b, serial_shops, nicolae_shop_stone
D:2:      layout_loops_corners, basic_ecumenical_altar, minmay_split_cup_large
D:3:      layout_loops_ring, mainiacjoe_overflow_alcove_1, minmay_quadrilaterals
D:4:      layout_basic, serial_shops, nicolae_shop_behind_doors,
          kennysheep_little_box, shop_fountains, shop,
          nicolae_ossuary_entry_monument, chequers_serial_rivers_room_a,
          uniq_edmund, uniq_grinder, uniq_duvessa
D:5:      layout_cave_pools, minmay_temple_entry_wispy,
          minmay_misc_feat_secret_circle
D:6:      layout_loops_cross, marbit_many_paths, minmay_misc_feat_diagonals,
          uniq_menkaure

Skill      XL: |  1  2  3  4  5  6  7  8 |
---------------+-------------------------+-----
Stealth        | 3 4 |  4.2
Fighting       | 1 2 |  2.3
Conjurations   | 5 6 |  6.1
Spellcasting   | 3 4 5 6 |  6.3
Long Blades    | 1 |  1.0
Short Blades   | 1 2 |  2.4
Dodging        | 3 |  3.7
Shields        | 1 |  1.7
Throwing       | |  0.7
Unarmed Combat | |  0.1

Action                   |  1- 3 |  4- 6 |  7- 9 || total
-------------------------+-------+-------+-------++-------
Melee: Dagger            |    24 |       |       ||    24
       Unarmed           |     2 |       |       ||     2
       Constrict         |     6 |     4 |    10 ||    20
       Tentacles         |     4 |     5 |    12 ||    21
       Long sword        |       |     8 |       ||     8
       Short sword       |       |    15 |    57 ||    72
Throw: Dart              |       |     2 |     4 ||     6
 Cast: Magic Dart        |    65 |    99 |    82 ||   246
       Searing Ray       |     1 |       |     4 ||     5
Evoke: Wand              |       |       |     2 ||     2
  Use: Scroll            |       |     6 |       ||     6
       Potion            |       |     1 |     3 ||     4
Armor: Skin              |     3 |     3 |    11 ||    17
Dodge: Dodged            |    29 |    37 |    57 ||   123
Block: Buckler           |     2 |     8 |    21 ||    31
       Rpst.: Long sword |     1 |     4 |       ||     5
